Map: Magma Mines

Players

niemand

  • Race: Terran Terran
  • League: Gold

Sevler

  • Race: Terran Terran

neulaender

  • Race: Zerg Zerg

Baumdoktor

  • Race: Protoss Protoss

VOD

Have the link to the VOD?

Description

Time

  • Played on: Oct. 21, 2016, 1:54 p.m.
  • Length: 14:17
Show
View Real Time Build Order
Export as new Build Order

niemand Terran 

Build Orders:  

Get SALT Encoding   

  12  0:01  SCV  
  13  0:17  Supply Depot  
  13  0:18  SCV  
  14  0:51  Barracks  
  14  1:03  Refinery  
  14  1:04  SCV  
  15  1:14  Barracks  
  15  1:16  SCV  
  15  1:17  Barracks  
  16  1:25  Supply Depot  
  16  1:29  SCV  
  17  1:46  SCV  
  18  1:48  Supply Depot  
  18  1:53  Marine  
  19  1:58  SCV  
  20  2:01  Marine  
  20  2:04  Marine  
  22  2:10  SCV  
  22  2:14  Marine  
  24  2:19  Marine  
  24  2:22  Marine  
  26  2:24  SCV  
  27  2:31  Marine  
  28  2:37  Marine  
  28  2:40  Marine  
  30  2:45  Factory  
  30  2:47  SCV  
  31  3:02  Factory  
  31  3:03  SCV  
  32  3:09  Refinery  
  32  3:11  Marine x2  
  34  3:32  Widow Mine  
  36  3:41  Orbital Command  
  36  3:43  Starport  
  36  3:47  Marine x3  
  39  3:57  Bunker  
  39  4:04  Marine  
  39  4:05  Marine  
  39  4:08  Marine  
  34  4:14  Widow Mine x2  
  36  4:21  Medivac  
  36  4:23  Marine  
  37  4:39  Marine x2  
  39  5:03  Command Center, Unknown  
  39  5:04  Factory Tech Lab x2  
  38  5:09  Marine x2  
  38  5:10  Marine  
  39  5:14  Medivac  
  38  5:26  Marine  
  39  5:29  Marine  
  39  5:30  Supply Depot  
  39  5:33  Supply Depot  
  39  5:34  Barracks Tech Lab  
  37  5:52  Siege Tank  
  37  5:54  Starport Tech Lab  
  37  5:55  Stimpack  
  40  5:57  SCV  
  40  6:02  Engineering Bay  
  40  6:05  Engineering Bay  
  40  6:09  SCV  
  39  6:14  Unknown  
  39  6:16  Orbital Command  
  39  6:25  Armory  
  39  6:28  SCV  
  40  6:32  Marine  
  40  6:33  Marine  
  42  6:42  Marine  
  43  6:50  Marine x2, Siege Tank  
  48  6:54  Siege Tank  
  51  7:06  Marine, Refinery  
  51  7:08  SCV, Marine  
  52  7:09  SCV, Refinery  
  55  7:20  Barracks Reactor  
  53  7:24  Marine  
  53  7:26  Marine  
  55  7:40  Widow Mine  
  55  7:42  Marine  
  55  7:44  Marine  
  57  7:52  Terran Infantry Weapons Level 1, Terran Infantry Armor Level 1  
  57  7:54  Command Center, Unknown  
  57  8:00  Marine  
  57  8:01  Marine  
  50  8:40  Marine x2  
  50  8:41  Marine x2  
  47  8:55  High Capacity Fuel Tanks  
  47  9:05  Unknown  
  47  9:06  Missile Turret  
  47  9:09  Missile Turret  
  47  9:10  Missile Turret x2  
  47  9:13  Sensor Tower  
  47  9:20  Thor  
  53  9:24  Terran Vehicle And Ship Armor Level 1  
  53  9:26  Marine  
  53  9:27  Marine x3  
  57  9:38  Barracks  
  57  9:41  Barracks  
  57  9:44  Marine x4  
  57  9:45  Liberator  
  61  9:47  SCV  
  61  9:48  SCV  
  61  9:52  SCV  
  64  9:59  SCV  
  65  10:02  Marine x3  
  77  10:13  SCV x3  
  78  10:21  Terran Infantry Weapons Level 2  
  78  10:26  Thor  
  80  10:29  Terran Infantry Armor Level 2  
  80  10:31  Marine x4  
  80  10:33  Barracks Reactor  
  80  10:35  Barracks Tech Lab  
  84  10:44  Missile Turret  
  84  10:47  Planetary Fortress  
  84  10:48  Missile Turret, Marine  
  85  11:11  Missile Turret  
  85  11:14  Missile Turret  
  85  11:17  Missile Turret, Marine x2  
  85  11:19  Marine x3  
  85  11:46  Supply Depot  
  85  11:48  Supply Depot  
  85  11:52  Supply Depot  
  85  11:54  Supply Depot  
  80  12:08  Liberator  
  80  12:10  SCV x2, Marine x4  
  80  12:13  Marine x3  
  87  12:22  SCV  
  87  12:27  Marine x4  
  85  12:31  Marine x3  
  85  12:34  Starport  
  85  12:35  Starport  
  83  12:41  Command Center, Unknown  
  83  12:45  Marine  
  83  12:46  Marine x2  
  80  12:57  Liberator  
  80  13:27  Fusion Core  
  80  13:30  Marine  
  80  13:31  Marine x3  
  81  13:44  Starport Reactor  
  81  13:47  Marine  
  82  13:49  Marauder x2  
  82  13:50  Marine x2  
  82  13:52  Unknown  
  88  14:15  Armory  
Show
View Real Time Build Order
Export as new Build Order

Sevler Terran 

Build Orders: MMM Bio 

Get SALT Encoding   

  12  0:02  SCV  
  13  0:14  Supply Depot  
  13  0:20  SCV  
  14  0:27  Refinery  
  14  0:35  SCV  
  15  0:43  Barracks  
  15  0:56  SCV  
  16  1:09  SCV  
  17  1:21  SCV  
  17  1:24  Barracks  
  18  1:25  Barracks  
  18  1:32  Marine  
  19  1:50  SCV  
  19  1:52  Barracks  
  20  1:57  Supply Depot  
  20  2:02  SCV  
  20  2:07  Bunker  
  21  2:13  Marine  
  22  2:25  Engineering Bay  
  22  2:26  Marine  
  23  2:30  Marine  
  24  3:09  Command Center, Unknown  
  24  3:10  Factory  
  24  4:20  Unknown  
  24  4:25  Marine  
  24  4:26  Marine x3  
  28  4:40  SCV  
  28  4:43  Marine  
  28  4:44  Marine x3  
  33  4:48  Command Center, Unknown, Factory Tech Lab  
  33  4:52  SCV  
  34  4:55  Barracks  
  34  4:57  Starport  
  34  5:01  Marine  
  34  5:04  SCV  
  34  5:06  Barracks Tech Lab  
  36  5:16  SCV  
  32  5:29  SCV  
  25  5:37  Marine  
  25  5:38  Marine x3  
  28  5:55  Marine x3  
  31  5:59  Unknown  
  31  6:10  Marine  
  31  6:11  Marine  
  28  6:13  Marine x3  
  30  6:24  Planetary Fortress  
  30  6:28  Marine x2  
  30  6:30  Marine  
  30  6:31  Marine x2  
  35  6:38  Stimpack  
  35  6:46  Marine x2  
  37  6:48  Marine  
  37  6:49  Marine  
  39  7:02  Planetary Fortress  
  39  7:10  Marine x4  
  39  7:14  Medivac  
  45  7:21  SCV  
  46  7:33  SCV  
  47  7:42  Marine x5  
  49  7:46  SCV  
  49  7:50  SCV  
  51  7:58  SCV  
  52  8:00  Marine  
  53  8:17  Supply Depot  
  53  8:38  SCV x2  
  55  8:44  Marine  
  55  8:45  Marine x4  
  60  8:51  SCV  
  61  9:00  Engineering Bay  
  61  9:14  Supply Depot  
  61  9:16  Orbital Command  
  61  9:18  Combat Shields  
  61  9:29  Supply Depot  
  61  9:34  Supply Depot  
  61  9:35  SCV x2, Marine x5  
  61  9:36  Supply Depot  
  68  9:44  Terran Infantry Weapons Level 1, Refinery  
  68  9:48  SCV  
  68  9:51  SCV  
  70  9:53  Marine x4  
  70  9:54  Supply Depot  
  70  9:56  Missile Turret  
  70  9:57  Supply Depot  
  74  10:00  SCV  
  74  10:03  SCV  
  74  10:04  Missile Turret  
  76  10:09  Marine  
  76  10:11  Marine  
  76  10:12  SCV  
  79  10:15  SCV  
  79  10:16  Missile Turret  
  80  10:24  SCV, Missile Turret  
  81  10:36  Missile Turret  
  81  10:43  Marine x5  
  81  10:45  Missile Turret  
  86  11:00  Marine  
  86  11:01  Marine x4  
  91  11:18  Marine  
  91  11:19  Marine x4  
  96  11:36  Marine  
  96  11:37  Marine x3  
  72  12:51  Marine  
  72  12:52  Marine x4  
  68  13:09  Marine x5  
  66  13:27  Marine x5  
  62  13:44  Marine  
  62  13:45  Marine x4  
  62  13:47  Armory  
Show
View Real Time Build Order
Export as new Build Order

neulaender Zerg 

Build Orders: Hatch First, Zergling Baneling 

Get SALT Encoding   

  12  0:01  Drone  
  13  0:12  Overlord  
  13  0:18  Drone  
  14  0:31  Drone x2  
  14  0:34  Drone  
  17  0:54  Unknown, Hatchery  
  16  0:57  Drone  
  17  1:06  Extractor  
  17  1:07  Drone  
  17  1:10  Drone  
  18  1:19  Spawning Pool  
  18  1:21  Drone  
  18  1:28  Drone  
  19  1:45  Overlord  
  19  1:50  Drone  
  20  2:05  Unknown  
  20  2:07  Drone  
  21  2:09  Drone  
  21  2:12  Drone  
  23  2:16  Queen  
  23  2:17  Queen  
  23  2:19  Overlord  
  27  2:28  Extractor  
  27  2:29  Drone x2  
  28  2:33  Metabolic Boost  
  28  2:43  Evolution Chamber  
  27  2:45  Evolution Chamber  
  27  2:50  Drone x3  
  27  2:51  Drone  
  30  2:55  Lair  
  30  3:00  Zergling x4  
  32  3:14  Extractor  
  32  3:15  Drone x2  
  32  3:19  Drone  
  34  3:31  Baneling Nest  
  32  3:34  Zergling x2  
  32  3:35  Zergling x14  
  40  3:45  Zergling x2  
  38  4:10  Zergling x2  
  38  4:11  Zergling x10  
  38  4:13  Overlord x2  
  38  4:16  Centrifical Hooks  
  37  4:25  Zergling x6  
  37  4:26  Zergling x2  
  37  4:30  Drone x2  
  43  4:34  Zerg Ground Armor Level 1  
  43  4:40  Roach Warren  
  43  4:41  Drone  
  44  4:45  Drone  
  44  4:51  Baneling x3  
  44  4:52  Baneling x4  
  44  4:54  Baneling x2  
  44  5:01  Zergling x16  
  48  5:20  Zergling x8  
  49  5:28  Zerg Missile Weapons Level 1  
  47  5:33  Zergling x4  
  47  5:39  Drone  
  47  5:40  Drone  
  45  5:53  Zergling x2  
  45  5:54  Zergling x2  
  45  5:56  Baneling x5  
  40  6:16  Zergling x6  
  40  6:17  Zergling x6  
  44  6:26  Glial Reconstitution  
  44  6:28  Roach x2  
  44  6:30  Spine Crawler  
  47  6:44  Overseer x2  
  47  6:49  Zerg Melee Weapons Level 1  
  47  6:50  Zergling x6  
  47  6:51  Zergling x2  
  51  6:56  Overseer  
  51  7:02  Drone x3  
  51  7:06  Extractor  
  52  7:25  Drone x3  
  52  7:28  Spire  
  54  7:33  Drone x3  
  54  7:41  Zergling x2  
  54  7:42  Zergling x12  
  55  7:47  Baneling x5  
  55  7:56  Unknown, Hatchery  
  54  8:01  Tunneling Claws  
  48  8:18  Zergling x2  
  48  8:19  Zergling x10  
  44  8:24  Unknown, Hatchery  
  35  8:44  Queen  
  35  8:48  Drone x6  
  42  8:50  Zerg Flyer Weapons Level 1  
  42  9:01  Drone x3  
  45  9:05  Drone  
  45  9:08  Unknown  
  46  9:22  Drone x10  
  56  9:31  Zergling x6  
  57  9:35  Unknown  
  59  9:50  Queen  
  61  9:53  Drone x2  
  63  10:04  Overlord x2  
  63  10:05  Overlord x2  
  63  10:07  Overlord  
  63  10:08  Zergling x2  
  63  10:09  Zergling x14  
  71  10:25  Nydus Network  
  70  10:30  Mutalisk x8  
  86  10:45  Drone  
  86  10:47  Mutalisk x3  
  93  10:59  Zerg Flyer Armor Level 1  
  93  11:00  Zergling x16  
  93  11:01  Zergling x4  
  103  11:15  Mutalisk  
  103  11:30  Nydus Canal  
  103  11:36  Overlord  
  103  11:37  Overlord x4  
  93  12:03  Zergling x6  
  93  12:04  Zergling x26  
  98  12:13  Baneling  
  98  12:14  Baneling x18  
  77  12:34  Zergling x26  
  77  12:35  Zergling x2  
  70  12:58  Mutalisk  
  69  12:59  Mutalisk x2  
  62  13:09  Mutalisk  
  64  13:14  Drone  
  64  13:15  Zergling x2  
  64  13:16  Zergling x14  
  68  13:27  Zergling x6  
  58  13:46  Drone x2  
  60  13:53  Roach  
  60  13:54  Roach x10  
  82  14:00  Drone  
Show
View Real Time Build Order
Export as new Build Order

Baumdoktor Protoss 

Build Orders: 1 Gate Expand 

Get SALT Encoding   

  12  0:02  Probe (Chrono Boost)  
  13  0:12  Probe (Chrono Boost)  
  14  0:19  Pylon  
  14  0:23  Probe (Chrono Boost)  
  15  0:37  Probe (Chrono Boost)  
  15  0:42  Gateway  
  16  0:48  Probe (Chrono Boost)  
  17  1:00  Probe (Chrono Boost)  
  18  1:17  Nexus, Unknown  
  18  1:21  Probe (Chrono Boost)  
  19  1:31  Probe (Chrono Boost)  
  20  1:35  Cybernetics Core  
  20  1:43  Pylon  
  20  1:51  Assimilator  
  20  1:57  Assimilator  
  20  2:00  Probe (Chrono Boost)  
  21  2:18  Probe (Chrono Boost)  
  22  2:28  Unknown  
  22  2:29  Probe (Chrono Boost)  
  23  2:34  Probe (Chrono Boost)  
  24  2:37  Warp Gate  
  24  2:40  Probe (Chrono Boost)  
  25  2:44  Probe (Chrono Boost), Gateway  
  25  2:47  Gateway  
  25  2:48  Gateway  
  26  2:53  Gateway  
  26  3:07  Robotics Facility  
  26  3:09  Probe (Chrono Boost)  
  27  3:15  Probe (Chrono Boost)  
  28  3:20  Probe (Chrono Boost), Assimilator  
  28  3:25  Probe (Chrono Boost)  
  28  3:26  Assimilator  
  25  3:44  Sentry  
  25  3:45  Stalker x2  
  29  3:51  Stalker  
  31  4:12  Probe (Chrono Boost)  
  32  4:22  Probe (Chrono Boost)  
  32  4:23  Immortal  
  37  4:33  Probe (Chrono Boost)  
  38  4:53  Stalker x2  
  38  4:55  Stalker  
  44  5:02  Immortal  
  44  5:23  Stalker  
  44  5:40  Pylon  
  44  5:41  Pylon  
  44  5:45  Pylon  
  44  5:54  Pylon  
  39  6:20  Stalker x2  
  39  6:21  Stalker x3  
  49  6:28  Probe (Chrono Boost)  
  49  6:31  Probe (Chrono Boost)  
  51  6:38  Probe (Chrono Boost)  
  52  6:42  Probe (Chrono Boost)  
  51  6:49  Probe (Chrono Boost)  
  51  6:50  Observer  
  51  6:52  Probe (Chrono Boost)  
  54  6:58  Stargate  
  54  6:59  Stargate  
  54  7:00  Probe (Chrono Boost)  
  55  7:03  Probe (Chrono Boost)  
  56  7:10  Probe (Chrono Boost)  
  56  7:13  Probe (Chrono Boost)  
  56  7:21  Probe (Chrono Boost)  
  57  7:24  Probe (Chrono Boost)  
  60  7:38  Probe (Chrono Boost)  
  60  7:43  Void Ray x2  
  67  7:47  Zealot x3  
  67  7:48  Probe (Chrono Boost), Zealot x2  
  78  8:03  Nexus, Unknown  
  78  8:56  Pylon  
  78  8:59  Pylon  
  78  9:01  Pylon  
  78  9:11  Pylon  
  78  9:14  Void Ray x2  
  78  9:15  Unknown, Pylon  
  86  9:24  Stalker  
  86  9:25  Stalker x2  
  92  9:38  Probe (Chrono Boost)  
  93  9:45  Probe x2 (Chrono Boost)  
  95  9:48  Probe (Chrono Boost)  
  96  9:56  Probe x2 (Chrono Boost)  
  96  9:57  Void Ray x2  
  96  9:59  Probe (Chrono Boost)  
  107  10:03  Protoss Air Weapons Level 1  
  107  10:33  Twilight Council  
  107  10:40  Void Ray x2  
  107  10:42  Robotics Bay  
  115  10:45  Assimilator  
  115  10:46  Probe (Chrono Boost)  
  115  10:49  Assimilator  
  116  10:51  Stalker x2  
  116  10:52  Stalker x3  
  116  10:56  Probe (Chrono Boost)  
  127  11:07  Probe (Chrono Boost)  
  39  13:07  Stalker x4  
  39  13:08  Stalker  
  26  13:35  Stalker x4  
  26  13:36  Stalker  
  36  13:52  Nexus, Unknown  
  36  13:53  Probe (Chrono Boost)  
  36  13:54  Probe (Chrono Boost)  
  38  14:04  Probe (Chrono Boost)  
Tags
 
Add a new tag
Caveats
  • Supply blocks, unpowered buildings, or Contaminate may cause inaccurate times.
  • Supply counts are checked every 10 seconds.